 Dungeon Crawl Stone Soup version 0.21-a0-578-gc6e9d75 (webtiles) character file.

317 slep the Chopper (level 6, -2/32 HPs)
             Began as a Vine Stalker Gladiator on Dec 19, 2017.
             Was an Initiate of Okawaru.
             Slain by a gnoll
             ... wielding a +0 club
              (6 damage)
             ... on level 4 of the Dungeon.
             The game lasted 00:08:28 (2161 turns).

slep the Chopper (Vine Stalker Gladiator)           Turns: 2161, Time: 00:08:29

Health: -2/32      AC:  4    Str: 17    XL:     6   Next: 44%
Magic:  0/7        EV: 13    Int:  8    God:    Okawaru [......]
Gold:   144        SH:  0    Dex: 17    Spells: 5/5 levels left

rFire    . . .     SeeInvis .   a - +0 war axe
rCold    . . .     Gourm    .   (no shield)
rNeg     . . .     Faith    .   b - +0 leather armour
rPois    .         Spirit   +   c - +0 helmet
rElec    .         Reflect  .   (no cloak)
rCorr    .         Harm     .   (no gloves)
MR       .....                  (no boots)
Stlth    ++........             (no amulet)
HPRegen  0.50/turn              (no ring)
MPRegen  0.10/turn              (no ring)

@: no status effects
A: fangs 2, regeneration 1, magic shield, antimagic bite, no potion heal 3, rot
immunity
a: Renounce Religion


You were on level 4 of the Dungeon.
You worshipped Okawaru.
Okawaru was noncommittal.
You were not hungry.

You visited 1 branch of the dungeon, and saw 4 of its levels.

You collected 144 gold pieces.

Inventory:

Hand Weapons
 a - a +0 war axe (weapon)
Missiles
 d - 3 throwing nets (quivered)
 i - 20 sling bullets
 n - 15 javelins
 s - 2 curare-tipped needles
Armour
 b - a +0 leather armour (worn)
 c - a +0 helmet (worn)
Scrolls
 e - 2 scrolls of teleportation {unknown}
 h - 2 scrolls of enchant weapon {unknown}
 j - 2 scrolls of remove curse {unknown}
 k - 4 scrolls of identify {unknown}
 o - a scroll of fear {unknown}
 q - a scroll of noise {unknown}
 t - a scroll of blinking {unknown}
Potions
 g - a potion of might {unknown}
 l - 2 potions of cancellation {unknown}
 m - 2 potions of curing {unknown}
 p - a potion of flight {unknown}
Comestibles
 f - 5 rations
 r - 3 chunks of flesh


   Skills:
 + Level 2.4 Fighting
 + Level 4.8 Axes
 + Level 2.0 Throwing
 + Level 1.6 Armour
 + Level 3.4 Dodging
 + Level 1.3 Stealth


You had 5 spell levels left.
You didn't know any spells.

Dungeon Overview and Level Annotations

Branches:
Dungeon (4/15)
 Temple: D:4-7

Altars:
Elyvilon
Okawaru
Ru
Trog
Vehumet
Zin


Innate Abilities, Weirdness & Mutations

You have extremely sharp teeth.
Your natural rate of healing is unusually fast.
When hurt, damage is shared between your health and your magic reserves.
Your bite disrupts and absorbs the magic of your enemies.
Potions cannot restore your health.
You are immune to rotting.


Message History

The gnoll hits you but does no damage. The gnoll completely misses you.
You climb downwards.
A sky beast and an orc come into view.
The orc shouts!
Found a longbow.
Found a stone staircase leading up.
There is a stone staircase leading up here.
You hit the gnoll but do no damage. The gnoll hits you but does no damage.
The gnoll hits you with a club!
* * * LOW HITPOINT WARNING * * *
An orc warrior comes into view. It is wielding a hand axe.
You closely miss the gnoll. You completely miss the sky beast.
The gnoll hits you with a club.
* * * LOW HITPOINT WARNING * * *
The sky beast misses you.
The orc warrior moves out of view.
Your leather armour prevents you from hitting the gnoll.
Your bite misses the gnoll. You hit the sky beast.
The gnoll hits you with a club.
You die...

.##.. .....
######....#
#.........#
#.........#
#....<....#
#..g...)...
#@.......
#.Y##....
#.#.. .
....## ..#
# .o## ..
...


You could see a sky beast, a gnoll and an orc.

Vanquished Creatures
  2 orc priests (D:2)
  5 gnolls (D:3)
  10 adders
  2 oozes
  5 worms (D:2)
  3 dart slugs
  A leopard gecko (D:3)
  5 orcs (D:2)
  2 ball pythons
  6 giant cockroaches
  5 goblins
  7 hobgoblins
  4 jackals (D:3)
  9 kobolds
  A quokka (D:3)
  5 bats
  12 frilled lizards
  10 rats
94 creatures vanquished.

Notes
Turn   | Place    | Note
-------+----------+-------------------------------------------
     0 | D:1      | slep the Vine Stalker Gladiator began the quest for the Orb.
     0 | D:1      | Reached XP level 1. HP: 11/11 MP: 2/2
    39 | D:1      | Reached XP level 2. HP: 1/15 MP: 3/3
   116 | D:1      | Reached skill level 3 in Axes
   355 | D:1      | Reached XP level 3. HP: 16/18 MP: 4/4
   955 | D:2      | Gained mutation: Your natural rate of healing is unusually fast. [Vine Stalker growth]
   955 | D:2      | Reached XP level 4. HP: 4/23 MP: 2/5
  1076 | D:2      | Reached skill level 4 in Axes
  1076 | D:2      | Reached XP level 5. HP: 13/26 MP: 3/6
  1097 | D:2      | Reached skill level 1 in Armour
  1097 | D:2      | Reached skill level 1 in Stealth
  1718 | D:3      | Found a glowing silver altar of Zin.
  1757 | D:3      | Found an iron altar of Okawaru.
  1763 | D:3      | Became a worshipper of Warmaster Okawaru
  1817 | D:3      | Reached XP level 6. HP: 18/31 MP: 4/7
  1952 | D:3      | Found a faded altar of an unknown god.
  1952 | D:3      | Found a radiant altar of Vehumet.
  1957 | D:3      | Found a sacrificial altar of Ru.
  1959 | D:3      | Found a bloodstained altar of Trog.
  1960 | D:3      | Found a white marble altar of Elyvilon.
  2158 | D:4      | Noticed a sky beast
  2160 | D:4      | Noticed an orc warrior
  2161 | D:4      | Slain by a gnoll

Vault maps used:
D:1:      tarquinn_simple_flora_water_f
D:2:      cheibrodos_pilgrimage
D:3:      lemuel_castle_with_subvaults, lemuel_round_altar,
          chequers_temple_overflow_minitemple, zin_statuary
D:4:      gammafunk_steamed_eel, serial_undead, serial_undead_f,
          serial_undead_b, serial_undead_b, serial_undead_e, first_ration

Skill      XL: |  1  2  3  4  5 |
---------------+----------------+-----
Axes           | 3 4 |  4.8
Throwing       | 2 |  2.0
Fighting       | 2 |  2.4
Dodging        | 3 |  3.4
Armour         | 1 |  1.6
Stealth        | 1 |  1.3

Action                   |  1- 3 |  4- 6 || total
-------------------------+-------+-------++-------
Melee: War axe           |    77 |   145 ||   222
       Bite              |    17 |    35 ||    52
 Stab: Sleeping          |     3 |     3 ||     6
       Distracted        |       |     1 ||     1
  Eat: Chunk             |       |     4 ||     4
Armor: Leather armour    |    23 |    39 ||    62
Dodge: Dodged            |    48 |   135 ||   183

Table legend:
 A = Spawn XP
 B = Non-spawn XP
 C = Spawn XP percentage of total XP
 D = Spawn monster count
 E = Non-spawn monster count
 F = Spawn count percentage of total count
 G = Total turns spent on level
                    A         B        C        D         E        F      G
               +---------+---------+-------+---------+---------+-------+---------
         Total |       0 |     453 |   0.0 |       0 |      94 |   0.0 |  2161
               +---------+---------+-------+---------+---------+-------+---------
           D:1 |       0 |      49 |   0.0 |       0 |      26 |   0.0 |   832
           D:2 |       0 |     204 |   0.0 |       0 |      36 |   0.0 |   721
           D:3 |       0 |     200 |   0.0 |       0 |      32 |   0.0 |   605
               +---------+---------+-------+---------+---------+-------+---------
